 Dungeon Crawl Stone Soup version 0.30-a0-739-gea05faddec (webtiles) character file.

Game seed: 816452712824092606

34 KleinerIrrer the Trooper (level 3, -1/37 HPs)
             Began as an Ogre Warper on Feb 4, 2023.
             Slain by an orc priest
             ... wielding a +0 flail
              (7 damage)
             ... on level 2 of the Dungeon.
             The game lasted 00:02:24 (1765 turns).

KleinerIrrer the Trooper (Ogre Warper)              Turns: 1765, Time: 00:02:25

Health: -1/37      AC:  3    Str: 16 (17) XL:     3   Next: 31%
Magic:  6/6        EV:  9    Int: 11 (14) God:
Gold:   88         SH:  0    Dex:  6 (8)  Spells: 6/6 levels left

rFire   . . .      SeeInvis .    a - +0 mace
rCold   . . .      Faith    .    (no shield)
rNeg    . . .      Spirit   .    b - +0 robe
rPois   .          Reflect  .    (helmet restricted)
rElec   .          Harm     .    (no cloak)
rCorr   .          Rampage  .    (gloves unavailable)
Will    .....                    (boots unavailable)
Stlth   +                        (no amulet)
HPRegen 0.26/turn                (no ring)
MPRegen 0.10/turn                (no ring)

@: no status effects
A: large, unfitting armour, tough skin 1
a: no special abilities


You were on level 2 of the Dungeon.
You visited 1 branch of the dungeon, and saw 3 of its levels.

You collected 88 gold pieces.

Inventory:

Hand Weapons
 a - a +0 mace (weapon)
Missiles
 d - 7 boomerangs of dispersal (quivered)
Armour
 b - a +0 robe (worn)
Scrolls
 c - a scroll of blinking
 e - 3 scrolls of fear {unknown}
 f - a scroll of magic mapping {unknown}
 h - a scroll of teleportation {unknown}
 i - a scroll of identify {unknown}
 k - a scroll of enchant weapon {unknown}
Potions
 g - a potion of mutation {unknown}
 j - a potion of might {unknown}


   Skills:
 + Level 3.5 Fighting
 * Level 2.9 Maces & Flails
 - Level 1.0 Throwing
 - Level 2.1 Dodging
 - Level 2.4 Spellcasting
 - Level 2.6 Translocations


You had 6 spell levels left.
You didn't know any spells.
Your spell library contained the following spells:

 Spells                   Type           Power      Damage    Failure   Level
 Blink                    Tloc           14%        N/A       14%         2
 Lesser Beckoning         Tloc           14%        N/A       14%         2
 Teleport Other           Tloc           7%         N/A       28%         3
 Vhi's Electric Charge    Tloc/Air       8%         N/A       43%         3
 Manifold Assault         Tloc           7%         N/A       67%         4
 Storm Form               Tmut/Air       0%         N/A       100%        7


Dungeon Overview and Level Annotations

Branches:
Dungeon (3/15)

Altars:

Annotations:
D:2 Sigmund


Innate Abilities, Weirdness & Mutations

You are too large for most types of armour.
You have tough skin. (AC +1)


Message History

The endoplasm quivers.
The orc shouts! x2; The orc priest shouts!
Found a leather armour.
Found a stone staircase leading down.
There is a stone staircase leading up here.
The orc priest hits you with a +0 flail!
You climb upwards.
Level annotation: Sigmund
There is a stone staircase leading down here.
You barely miss the orc priest. The orc priest barely misses you.
You hit the orc priest.
The orc priest is moderately wounded.
The orc priest mumbles some strange prayers to Beogh against you.
Pain shoots through your body!
You barely miss the orc priest.
The orc priest is moderately wounded.
The orc priest hits you with a +0 flail.
You are too injured to fight recklessly!
You closely miss the orc priest.
The orc priest is moderately wounded.
The orc priest barely misses you.
The orc priest hits you with a +0 flail.
You hit the orc priest.
The orc priest is heavily wounded.
The orc priest barely misses you.
You hit the orc priest.
The orc priest is heavily wounded.
The orc priest hits you but does no damage.
You barely miss the orc priest.
The orc priest is heavily wounded.
The orc priest closely misses you.
You closely miss the orc priest.
The orc priest is heavily wounded.
The orc priest hits you with a +0 flail.
* * * LOW HITPOINT WARNING * * *
The orc priest hits you with a +0 flail.
* * * LOW HITPOINT WARNING * * *
You hit the orc priest.
The orc priest is severely wounded.
The orc priest hits you with a +0 flail!
You die...

############
##..........##
##............##
#..............#
#########.......@......#
...............o.......#
.......................#
......[................#
......................##
..........<..........##
.<........############
.....####.# ##..## #.#


You could see an orc priest.

Vanquished Creatures
  An adder (D:1)
  3 endoplasms
  2 giant cockroaches
  2 goblins
  3 hobgoblins (D:1)
  2 jackals (D:2)
  A quokka (D:1)
  3 frilled lizards
  A kobold (D:2)
  6 rats
24 creatures vanquished.

Notes
Turn   | Place    | Note
-------+----------+-------------------------------------------
     0 | D:1      | KleinerIrrer the Ogre Warper began the quest for the Orb.
     0 | D:1      | Reached XP level 1. HP: 22/22 MP: 3/3
   285 | D:1      | Reached skill level 3 in Fighting
   359 | D:1      | Reached XP level 2. HP: 31/31 MP: 5/5
   889 | D:1      | Found a faded altar of an unknown god.
  1099 | D:1      | Reached XP level 3. HP: 5/37 MP: 6/6
  1106 | D:1      | HP: 1/37 [poisoned by an adder]
  1618 | D:2      | Noticed Sigmund
  1765 | D:2      | Slain by an orc priest

Illustrated notes

Levels and vault maps discovered:
D:1:      ncdulo_lavacross, layout_loops_corners,
          shapermc_ecumenical_altar_mp_vishouse
D:2:      layout_rooms, uniq_sigmund
D:3:      layout_basic, mainiacjoe_overflow_alcove_1, grunt_ministairs_13

Skill      XL: |  1 |
---------------+----+-----
Maces & Flails | 2 |  2.9
Fighting       | 3 |  3.5
Throwing       | |  1.0
Dodging        | |  2.1
Spellcasting   | |  2.4
Translocations | |  2.6

Action                     || total
---------------------------++-------
  Melee: Mace              ||    91
    Use: Potion            ||     2
 Armour: Robe              ||    27
  Dodge: Dodged            ||    67

Table legend: (Time is in decaauts)
 A = Elapsed time spent in this place.
 B = Non-inter-level travel time spent in this place.
 C = Inter-level travel time spent in this place.
 D = Time resting spent in this place.
 E = Time spent auto-exploring this place.
 F = Levels seen in this place.
 G = Mean time per level.
                   A        B        C        D        E       F      G
               +--------+--------+--------+--------+--------+-----+--------+
         Total |   1772 |   1626 |    146 |    140 |   1204 |   3 |  590.7 |
       Dungeon |   1772 |   1626 |    146 |    140 |   1204 |   3 |  590.7 |
               +--------+--------+--------+--------+--------+-----+--------+

Top non-repeatable levels by time:
     D:1: 1242 daAuts
     D:2: 528 daAuts
     D:3: 1 daAuts
